 Dungeon Crawl Stone Soup version 0.27.1 (webtiles) character file.

Game seed: 61084282727053390

510 Malachi the Bolt Thrower (level 7, -1/61 HPs)
             Began as a Naga Hunter on Aug 25, 2021.
             Was an Initiate of Ru.
             Killed from afar by an orc wizard (8 damage)
             ... with a magic dart
             ... on level 5 of the Dungeon.
             The game lasted 00:07:05 (5922 turns).

Malachi the Bolt Thrower (Naga Hunter)              Turns: 5922, Time: 00:07:06

Health: -1/61      AC:  4    Str: 14    XL:     7   Next: 19%
Magic:  7/7        EV:  9    Int: 13    God:    Ru [......]
Gold:   199        SH:  0    Dex: 12    Spells: 6/6 levels left

rFire    . . .     SeeInvis +   m - +0 hunting sling
rCold    . . .     Faith    +   (no shield)
rNeg     . . .     Spirit   .   c - +0 leather armour
rPois    +         Reflect  .   (no helmet)
rElec    .         Harm     .   (no cloak)
rCorr    .         Rampage  .   (no gloves)
Will     .....                  (no barding)
Stlth    ++........             o - amulet of faith
HPRegen  0.20/turn              (no ring)
MPRegen  0.10/turn              (no ring)

@: short of breath, very slow
A: AC +2, large, see invisible, deformed body, poison resistance, slowness 2,
spit poison 1, naga tail 1
a: Spit Poison, Renounce Religion


You were on level 5 of the Dungeon.
You worshipped Ru.
Ru was noncommittal.
You visited 1 branch of the dungeon, and saw 5 of its levels.

You collected 199 gold pieces.

Inventory:

Hand Weapons
 a - a +1 hand crossbow of venom
 d - a +0 whip of electrocution
 g - the +3 arbalest of the Dwarven Hall {speed, rCorr Int+5}
   (You acquired it on level 4 of the Dungeon)

   Attacks with this weapon are significantly faster.
   Int:       It affects your intelligence (+5).
   rCorr:     It protects you from acid and corrosion.
 m - a +0 hunting sling (weapon)
 n - a +1 dagger of venom
Missiles
 f - 169 stones (quivered ammo)
 i - 91 arrows
 l - 30 bolts
Armour
 c - a +0 leather armour (worn)
Jewellery
 o - an amulet of faith (around neck)
Scrolls
 h - 2 scrolls of teleportation
 r - a scroll of blinking {unknown}
 s - 2 scrolls of vulnerability
Potions
 b - 2 potions of heal wounds
 e - a potion of flight {unknown}
 j - a potion of ambrosia {unknown}
 k - 2 potions of curing
 p - a potion of haste {unknown}
 q - a potion of attraction {unknown}
 t - 2 potions of lignification {unknown}


   Skills:
 + Level 2.9 Fighting
 + Level 1.0 Short Blades
 + Level 1.2 Maces & Flails
 + Level 5.3 Crossbows
 + Level 2.7 Armour
 + Level 2.3 Dodging
 + Level 4.7 Stealth


You had 6 spell levels left.
You didn't know any spells.
Your spell library contained the following spells:

 Spells                   Type           Power      Damage    Failure   Level
 Sandblast                Erth           0%         2d4       36%         1
 Passwall                 Tmut/Erth      0%         N/A       50%         2
 Dazzling Flash           Conj/Hex       0%         N/A       75%         3
 Ozocubu's Armour         Ice            0%         N/A       75%         3
 Iskenderun's Mystic Bla  Conj/Tloc      0%         2d3       98%         4
 Lee's Rapid Deconstruct  Erth           0%         3d5*      100%        5
 Starburst                Conj/Fire      0%         6d3       100%        6
 Ozocubu's Refrigeration  Ice            0%         4d5       100%        7


Dungeon Overview and Level Annotations

Branches:
Dungeon (5/15)
 Temple: D:4-7

Altars:
Dithmenos
Okawaru
Ru
Yredelemnul

Annotations:
D:2 Natasha


Innate Abilities, Weirdness & Mutations

Your serpentine skin is tough. (AC +2)
You have supernaturally acute eyesight. (SInv)
Armour fits poorly on your strangely shaped body.
Your system is resistant to poisons. (rPois)
You cover ground very slowly.
You can spit poison.
You have a snake-like lower body.


Message History

The orc priest calls upon Beogh to heal the orc wizard.
The orc wizard's wounds heal themselves!
The orc wizard hits you with a +0 dagger.
Fire: 171 stones
Press: ? - help, Q - select action, (/) - cycle Shift-Dir - straight line, f/p - orc wizard
Aim: an orc wizard, wielding a +0 dagger and wearing a +0 robe (50% to hit)
You shoot a stone.
The stone closely misses the orc wizard.
The orc wizard hits you with a +0 dagger.
The orc priest calls down the wrath of Beogh upon you.
Pain shoots through your body!
The orc priest hits you but does no damage.
The orc wizard closely misses you. The orc priest barely misses you.
The orc wizard hits you but does no damage.
The orc priest hits you with a +0 falchion.
Press: ? - help, Shift-Dir - straight line, f - orc priest, p - orc wizard
Aim: an orc priest, wielding a +0 falchion The splash of poison hits the orc priest.
The orc priest is poisoned.
The orc priest is heavily wounded.
The orc wizard gestures at you while chanting.
You easily resist.
The orc wizard hits you with a +0 dagger.
The orc priest mumbles some strange prayers to Beogh against you.
Pain shoots through your body!
* * * LOW HITPOINT WARNING * * *
The orc priest hits you with a +0 falchion.
* * * LOW HITPOINT WARNING * * *
Fire: 170 stones
Press: ? - help, Q - select action, (/) - cycle Shift-Dir - straight line, f/p - orc priest
Aim: an orc priest, wielding a +0 falchion (heavily wounded, poisoned, 57% to hit)
You shoot a stone. The stone hits the orc priest.
The orc priest is severely wounded.
The orc wizard gestures at you while chanting.
The puff of flame hits you.
* * * LOW HITPOINT WARNING * * *
The orc priest hits you but does no damage.
The orc wizard casts a spell at you. The magic dart hits you!
You die...

############
#..........#
#.##.##.##.# ####
#. #.##.##.# ...
###. #....##.##.#
##..o##.##.....<.#
#(.(o@........####
#...oo.....####
#(#......### ..
#..##..# # #..
#..# ... ...#
...[###.. .##.#
###


You could see 2 orc priests and 2 orc wizards.

Vanquished Creatures
  Grinder (D:3)
  A bullfrog zombie (D:5)
  Crazy Yiuf (D:4)
  A centaur zombie (D:4)
  An iguana (D:4)
  Natasha (D:2)
  A howler monkey zombie (D:4)
  3 gnolls (D:3)
  5 adders
  2 dart slugs
  An orc (D:3)
  6 bats
  7 endoplasms
  2 giant cockroaches (D:4)
  5 goblins
  5 hobgoblins
  4 jackals
  10 kobolds
  3 quokkas
  5 ball pythons
  3 frilled lizards (D:1)
  5 rats
73 creatures vanquished.

Vanquished Creatures (others)
  An orc wizard (D:5)
  2 fungi (D:4)
3 creatures vanquished.

Grand Total: 76 creatures vanquished

Notes
Turn   | Place    | Note
-------+----------+-------------------------------------------
     0 | D:1      | Malachi the Naga Hunter began the quest for the Orb.
     0 | D:1      | Reached XP level 1. HP: 19/19 MP: 1/1
   107 | D:1      | Reached skill level 4 in Crossbows
   107 | D:1      | Reached XP level 2. HP: 26/26 MP: 2/2
   536 | D:1      | Reached XP level 3. HP: 32/32 MP: 3/3
  1779 | D:2      | Noticed Natasha
  1784 | D:2      | Killed Natasha
  1785 | D:2      | Reached XP level 4. HP: 30/39 MP: 4/4
  2813 | D:2      | Found a faded altar of an unknown god.
  3001 | D:2      | Noticed Natasha
  3143 | D:2      | Became a worshipper of Ru the Awakened
  3657 | D:3      | Reached skill level 1 in Armour
  3668 | D:3      | Reached XP level 5. HP: 25/46 MP: 5/5
  3941 | D:3      | Noticed Grinder
  3970 | D:3      | Killed Grinder
  3971 | D:3      | Reached skill level 1 in Short Blades
  3971 | D:3      | Reached skill level 5 in Crossbows
  3971 | D:3      | Reached XP level 6. HP: 48/55 MP: 6/6
  4676 | D:4      | Identified a scroll of acquirement
  4676 | D:4      | Acquired the +3 arbalest of the Dwarven Hall {speed, rCorr
                  | Int+5}
  4747 | D:4      | Found a large runed translucent door.
  4747 | D:4      | Found a large runed translucent door.
  4819 | D:4      | Found a runed translucent door.
  4825 | D:4      | Noticed Crazy Yiuf
  4833 | D:4      | Killed Crazy Yiuf
  5173 | D:4      | Reached skill level 1 in Maces & Flails
  5173 | D:4      | Reached XP level 7. HP: 58/61 MP: 7/7
  5189 | D:4      | Found a basalt altar of Yredelemnul.
  5433 | D:4      | Found a shadowy altar of Dithmenos.
  5794 | D:4      | Found an iron altar of Okawaru.
  5878 | D:5      | Entered Level 5 of the Dungeon
  5922 | D:5      | Killed from afar by an orc wizard

Illustrated notes

Levels and vault maps discovered:
D:1:      dpeg_arrival_lava_temple_mockup, layout_basic, grunt_decor_arrowhead,
          grunt_decor_one_mirror
D:2:      layout_basic, shapermc_ecumenical_altar_mp_vishouse, uniq_natasha
D:3:      layout_rooms, minmay_goblin_kobold_house, uniq_grinder
D:4:      layout_loops_cross, lemuel_zombie_altar_yredelemnul,
          jmf_multi_god_temple2, uniq_crazy_yiuf_cottage
D:5:      kb_forest_paths, layout_loops_cross, overflow_temple_1_default

Skill      XL: |  1  2  3  4  5  6 |
---------------+-------------------+-----
Crossbows      | 4 5 |  5.3
Stealth        | 2 4 |  4.7
Armour         | 1 2 |  2.7
Short Blades   | 1 |  1.0
Dodging        | 2 |  2.3
Maces & Flails | 1 |  1.2
Fighting       | |  2.9

Action                   |  1- 3 |  4- 6 |  7- 9 || total
-------------------------+-------+-------+-------++-------
Melee: Dagger            |    14 |    31 |       ||    45
       Short sword       |    12 |       |       ||    12
       Whip              |       |    53 |    19 ||    72
 Fire: Hand crossbow     |    62 |    17 |       ||    79
       Arbalest          |       |    19 |       ||    19
       Hunting sling     |       |       |    10 ||    10
Invok: Reject Sacrifices |       |     1 |       ||     1
 Abil: Spit Poison       |     7 |     1 |     1 ||     9
  Use: Scroll            |       |     7 |     2 ||     9
 Stab: Sleeping          |     2 |     5 |       ||     7
Armor: Leather armour    |    16 |    28 |    10 ||    54
Dodge: Dodged            |    30 |    44 |    23 ||    97
